 Dungeon Crawl Stone Soup version 0.26.0-18-gc5c842f807 (webtiles) character file.

Game seed: 17968306674643518501

71 kaeus the Firebug (level 4, -3/27 HPs)
             Began as an Octopode Fire Elementalist on Jan 22, 2021.
             Killed from afar by an orc wizard (7 damage)
             ... with a magic dart
             ... on level 3 of the Dungeon.
             The game lasted 00:01:47 (2903 turns).

kaeus the Firebug (Octopode Fire Elementalist)      Turns: 2903, Time: 00:01:47

Health: -3/27      AC:  1    Str:  7    XL:     4   Next: 24%
Magic:  1/7        EV: 14    Int: 18    God:
Gold:   126        SH:  0    Dex: 12    Spells: 3/8 levels left

rFire    . . .     SeeInvis .   c - +0 hand axe
rCold    . . .     Faith    .   (no shield)
rNeg     . . .     Spirit   .   (helmet restricted)
rPois    .         Reflect  .   (no amulet)
rElec    .         Harm     .   (no ring)
rCorr    .         Rampage  .   (no ring)
Will     .....                  (no ring)
Stlth    +++.......             (no ring)
HPRegen  0.09/turn              (no ring)
MPRegen  0.10/turn              (no ring)
                                (no ring)
                                (no ring)

@: slowed, very slow
A: almost no armour, stealthy swim, amphibious, 8 rings, constrict 8, camouflage
1, gelatinous body 1
a: no special abilities


You were on level 3 of the Dungeon.
You visited 1 branch of the dungeon, and saw 3 of its levels.

You collected 126 gold pieces.

Inventory:

Hand Weapons
 c - a +0 hand axe (weapon)
Jewellery
 l - an uncursed ring of resist corrosion {unknown}
Scrolls
 b - 2 scrolls of remove curse
 e - a scroll of fear {unknown}
 h - a scroll of identify {unknown}
 i - a scroll of enchant armour {unknown}
 k - a scroll of blinking {unknown}
 m - a scroll of random uselessness {unknown}
Potions
 a - a potion of heal wounds {unknown}
 d - 3 potions of curing {unknown}
 f - 3 potions of cancellation {unknown}
 g - a potion of brilliance {unknown}
 j - a potion of might {unknown}
 n - a potion of haste {unknown}


   Skills:
 + Level 2.7 Dodging
 - Level 2.6 Stealth
 + Level 2.6 Spellcasting
 + Level 2.0 Conjurations
 + Level 3.5 Fire Magic


You had 3 spell levels left.
You knew the following spells:

 Your Spells              Type           Power        Failure   Level
a - Foxfire               Conj/Fire      48%          5%          1
b - Sticky Flame          Conj/Fire      12%          47%         4

Your spell library contained the following spells:

 Spells                   Type           Power        Failure   Level
 Conjure Flame            Conj/Fire      12%          16%         3
 Inner Flame              Hex/Fire       8%           24%         3
 Fireball                 Conj/Fire      6%           83%         5


Dungeon Overview and Level Annotations

Branches:
Dungeon (3/15)

Altars:
Dithmenos


Innate Abilities, Weirdness & Mutations

You cannot wear most types of armour.
You are very stealthy in the water. (Stealth+)
You are amphibious.
You can wear up to eight rings at the same time.
You can use your tentacles to constrict eight enemies at once.
Your skin changes colour to match your surroundings (Stealth+).
Your rubbery body absorbs attacks. (AC +1, EV +1)


Message History

The foxfire hits the orc wizard.
The orc wizard is moderately wounded.
The orc wizard casts a spell at you. The magic dart hits you.
The orc wizard misses you.
You take 6 damage, and have 12/27 hp.
MASSIVE DAMAGE!!
You hit the orc wizard. Your grab misses the orc wizard.
You squeeze the orc wizard.
The orc wizard is heavily wounded.
The orc wizard casts a spell at you. The magic dart hits you!
* * * LOW HITPOINT WARNING * * *
The orc wizard misses you. The orc wizard completely misses you.
You take 8 damage, and have 4/27 hp.
MASSIVE DAMAGE!!
You barely miss the orc wizard. You grab the orc wizard.
You squeeze the orc wizard, but do no damage.
The orc wizard is heavily wounded.
You constrict the orc wizard, but do no damage.
The orc wizard gestures at you while chanting.
The magic dart hits you!
You die...

#########
###.......#
#.......#.#
#.......#.#
#.......#.#
###'#####.#
#.#####.#
####.########
#.....#.#
.....o.@....#
####.##.#
.#....o####.#
#.##.# #####.
#.# #<##.# ).
#.# ####.#
.## #.# #.#
.. #.# #.# ##
#.# #.# #.#
#.# #.# #.#


You could see 2 orc wizards.

Vanquished Creatures
  An adder (D:2)
  An ooze (D:1)
  2 worms (D:2)
  A dart slug (D:1)
  A leopard gecko (D:1)
  3 orcs (D:3)
  6 bats
  A giant cockroach (D:2)
  6 goblins
  6 hobgoblins
  2 jackals (D:2)
  A quokka (D:2)
  2 frilled lizards (D:2)
  3 kobolds (D:1)
  8 rats
44 creatures vanquished.

Vanquished Creatures (others)
  124 foxfires
124 creatures vanquished.

Grand Total: 168 creatures vanquished

Notes
Turn   | Place    | Note
-------+----------+-------------------------------------------
     0 | D:1      | kaeus the Octopode Fire Elementalist began the quest for
                  | the Orb.
     0 | D:1      | Reached XP level 1. HP: 11/11 MP: 3/3
   309 | D:1      | Reached XP level 2. HP: 12/17 MP: 0/5
  1014 | D:1      | Reached XP level 3. HP: 18/21 MP: 0/6
  2216 | D:2      | Reached XP level 4. HP: 27/27 MP: 3/7
  2323 | D:2      | Found a shadowy altar of Dithmenos.
  2800 | D:2      | Learned a level 4 spell: Sticky Flame
  2903 | D:3      | Killed from afar by an orc wizard

Illustrated notes

Levels and vault maps discovered:
D:1:      amcnicky_arrival_wind_blow, layout_loops_ring, st_stairs_5
D:2:      layout_loops_ring, lemuel_coloured_pillars_altar
D:3:      layout_basic, nicolae_ru_sacrificial_ziggurat, fiery_altar_vehumet

Skill      XL: |  1  2  3  4 |
---------------+-------------+-----
Conjurations   | 2 |  2.0
Dodging        | |  2.7
Stealth        | |  2.6
Spellcasting   | |  2.6
Fire Magic     | |  3.5

Action                   |  1- 3 |  4- 6 || total
-------------------------+-------+-------++-------
Melee: Mace              |    11 |       ||    11
       Tentacles         |     7 |     2 ||     9
       Constrict         |     6 |     3 ||     9
       Hand axe          |    23 |     8 ||    31
 Cast: Foxfire           |    89 |    22 ||   111
  Use: Scroll            |       |     1 ||     1
Armor: Skin              |     1 |       ||     1
Dodge: Dodged            |    25 |     5 ||    30
